 Dungeon Crawl Stone Soup version 0.18.1-50-g88ac8fd (webtiles) character file.

8490 Mesmaeker13 the Destroyer (level 11, -1/65 HPs)
             Began as a Gargoyle Conjurer on Sept 23, 2016.
             Was a Believer of Vehumet.
             Shot with an arrow by a centaur warrior (15 damage)
             ... on level 9 of the Dungeon.
             The game lasted 00:36:30 (11999 turns).

Mesmaeker13 the Destroyer (Gargoyle Conjurer)      Turns: 11999, Time: 00:36:31

Health: -1/65      AC: 12    Str: 13    XL:     11   Next: 31%
Magic:  1/21       EV: 12    Int: 18    God:    Vehumet [**....]
Gold:   402        SH:  3    Dex: 10    Spells: 6 memorised, 8 levels left

rFire  + . .     SeeInvis .     N - +1 long sword (freeze)
rCold  x . .     Gourm    .     a - +0 robe
rNeg   + . .     Faith    .     (no shield)
rPois  ∞         Spirit   .     u - +0 helmet
rElec  +         Dismiss  .     q - +1 cloak
rCorr  .         Reflect  +     (no gloves)
SustAt .         Harm     .     (no boots)
MR     +....                    h - +3 amulet of reflection
Stlth  ++........               y - ring of fire
                                s - ring of protection from magic

@: invisible, somewhat resistant to hostile enchantments, unstealthy
A: negative energy resistance 1, electricity resistance, unbreathing,
petrification resistance, rot immunity, AC +7
a: Renounce Religion


You were on level 9 of the Dungeon.
You worshipped Vehumet.
Vehumet was pleased with you.
You were hungry.

You visited 2 branches of the dungeon, and saw 10 of its levels.

You collected 430 gold pieces.
You spent 28 gold pieces at shops.

Inventory:

Hand Weapons
 n - a +1 dire flail of holy wrath
 o - a +0 dagger of speed
 D - a +0 dagger of venom
 L - a +0 flail
 N - a +1 long sword of freezing (weapon)
Missiles
 e - 44 poisoned needles
Armour
 a - a +0 robe (worn)
 q - a +1 cloak (worn)
 u - a +0 helmet (worn)
Jewellery
 h - a +3 amulet of reflection (around neck)
 s - a ring of protection from magic (left hand)
 y - a ring of fire (right hand)
Scrolls
 l - 2 scrolls of enchant armour
 p - 2 scrolls of teleportation
 r - a scroll of magic mapping
 t - a scroll of fog {unknown}
 x - 2 scrolls of enchant weapon
 B - a scroll of blinking
 G - 2 scrolls of remove curse
 K - a scroll of fear
Potions
 d - 2 potions of heal wounds
 f - a potion of flight
 g - a potion of might
 m - 4 potions of curing
 z - 2 potions of mutation {unknown}
 E - 2 potions of brilliance
 F - 2 potions of cure mutation
 I - a potion of resistance
Books
 b - a book of Conjurations

   Spells                             Type                      Level
   a - Magic Dart                     Conjuration                  1
   b - Searing Ray                    Conjuration                  2
   c - Dazzling Spray                 Conjuration/Hexes            3
   d - Fulminant Prism                Conjuration/Hexes            4
   e - Iskenderun's Mystic Blast      Conjuration                  4
   f - Iskenderun's Battlesphere      Conjuration/Charms           5
 A - the Disquisition on Unstable Flight
   (You found it on level 5 of the Dungeon)

   Spells                             Type                      Level
   a - Blink                          Translocation                2
   b - Mephitic Cloud                 Conjuration/Poison/Air       3
   c - Force Lance                    Conjuration/Translocation    4
   d - Passage of Golubria            Translocation                4
 C - a book of Burglary

   Spells                             Type                      Level
   a - Swiftness                      Charms/Air                   2
   b - Passwall                       Transmutation/Earth          2
   c - Passage of Golubria            Translocation                4
   d - Lee's Rapid Deconstruction     Earth                        5
   e - Darkness                       Hexes                        6
   f - Invisibility                   Hexes                        6
 M - a book of the Warp

   Spells                             Type                      Level
   a - Recall                         Summoning/Translocation      3
   b - Gell's Gravitas                Hexes/Translocation          3
   c - Force Lance                    Conjuration/Translocation    4
   d - Warp Weapon                    Charms/Translocation         5
   e - Summon Forest                  Summoning/Translocation      5
Comestibles
 c - 3 bread rations
 i - 2 slices of pizza
 j - 7 meat rations
 k - a royal jelly
 v - 4 fruits
 H - 2 chunks of flesh


   Skills:
 + Level 6.3 Fighting
 - Level 3.1 Armour
 - Level 1.5 Dodging
 - Level 2.1 Stealth
 + Level 7.2 Spellcasting
 + Level 12.7 Conjurations
 - Level 3.0 Hexes
 + Level 7.9 Charms


You had 8 spell levels left.
You knew the following spells:

 Your Spells              Type           Power        Failure   Level  Hunger
a - Magic Dart            Conj           ####         1%          1    None
b - Searing Ray           Conj           ######       1%          2    None
c - Dazzling Spray        Conj/Hex       ####..       1%          3    #......
d - Iskenderun's Mystic   Conj           ######..     1%          4    ###....
e - Sting                 Conj/Pois      ####         1%          1    None
f - Iskenderun's Battles  Conj/Chrm      #####...     4%          5    #####..


Dungeon Overview and Level Annotations

Branches:
Dungeon (9/15)             Temple (1/1) D:5            Lair (0/8) D:8
    Orc: D:9-12

Altars:
Ashenzari
Cheibriados
Dithmenos
Elyvilon
Fedhas
Gozag
Kikubaaqudgha
Makhleb
Nemelex Xobeh
Okawaru
Pakellas
Qazlal
Ru
Sif Muna
Trog
Vehumet
Xom
Yredelemnul
Zin
The Shining One

Shops:
D:5 *


Innate Abilities, Weirdness & Mutations

You are resistant to torment.
Your stone body is resilient (AC +7).
You are immune to poison.
You resist negative energy.
You are resistant to electric shocks.
You can survive without breathing.
You are immune to petrification.
You are immune to rotting.


Message History

Drink which item? (? for menu, Esc to quit)
You feel much better.
The centaur warrior is no longer blind.
The centaur warrior shoots an arrow.
The arrow hits your battlesphere!
Drink which item? (? for menu, Esc to quit)
Okay, then.
The centaur warrior shoots an arrow.
The arrow hits your battlesphere!
Your battlesphere is destroyed!
You see here an arrow.
The centaur warrior shoots an arrow.
The arrow hits you but does no damage.
You see here an arrow.
The centaur warrior shoots an arrow.
The arrow hits you!
The centaur warrior shoots an arrow.
The arrow barely misses you.
You see here an arrow.
The centaur warrior shoots an arrow.
The arrow hits you!!
* * * LOW HITPOINT WARNING * * *
You see here an arrow.
Drink which item? (? for menu, Esc to quit)
You fade into invisibility!
The centaur warrior shoots an arrow.
The arrow hits you!
You die...

..c....#...##..##.###.....#...#..
.......##..##.......#.....#...+..
........#####.......#.....#...#..
........# #..##...#.....#...#..
.......(# #..##...#.....#...#..
.......(#####.......#.....#...#..
######..(((.#.......#.....#...#..
#....#...c.(#########.....#...#..
#....#......(.((@.........##'##..
#....#...........................
#....#...........................
#....#...........................
#....#...........................
###'#####+##.....................
#....##....#.....................
#..........##+####+##............
YYY...Y)............+............


You could see a centaur warrior.

Vanquished Creatures
  A spiny frog (D:8)
  A komodo dragon (D:8)
  A yak (D:9)
  A wyvern (D:8)
  The ghost of appiemonkey the Skirmisher, an amateur GrFi (D:3)
  Edmund (D:4)
  2 ice beasts
  An orc warrior (D:8)
  6 sky beasts
  A necrophage (D:9)
  2 phantoms
  2 centaurs
  2 ogres
  2 giant frogs (D:6)
  2 gnoll sergeants
  5 killer bees (D:8)
  A howler monkey (D:6)
  2 electric eels (D:6)
  2 crimson imps
  A centaur zombie (D:8)
  A giant frog zombie (D:9)
  A quasit (D:5)
  A jelly (D:7)
  2 hounds
  3 giant frog skeletons
  4 orc priests
  11 orc wizards
  Ijyb (D:1)
  4 iguanas
  7 worker ants
  A hound zombie (D:6)
  A hound skeleton (D:4)
  9 gnolls
  9 adders
  4 shadow imps
  An ooze (D:5)
  An adder skeleton (D:4)
  4 worms
  7 dart slugs
  5 giant geckos
  35 orcs
  5 ball pythons
  12 bats
  10 giant cockroaches
  17 goblins
  11 hobgoblins
  8 jackals
  3 quokkas
  A giant gecko zombie (D:6)
  3 giant newts
  9 kobolds
  A quokka skeleton (D:4)
  A quokka zombie (D:6)
  5 rats
235 creatures vanquished.

Vanquished Creatures (others)
  28 plants (D:8)
28 creatures vanquished.

Grand Total: 263 creatures vanquished

Notes
Turn   | Place    | Note
--------------------------------------------------------------
     0 | D:1      | Mesmaeker13 the Gargoyle Conjurer began the quest for the Orb.
     0 | D:1      | Reached XP level 1. HP: 10/10 MP: 3/3
    96 | D:1      | Reached XP level 2. HP: 15/15 MP: 1/5
   422 | D:1      | Reached XP level 3. HP: 16/19 MP: 3/6
   425 | D:1      | Reached skill level 5 in Conjurations
   994 | D:2      | Learned a level 2 spell: Searing Ray
  1295 | D:2      | Reached XP level 4. HP: 24/24 MP: 3/8
  1894 | D:2      | Noticed Ijyb
  2357 | D:2      | Noticed a giant frog
  2481 | D:1      | Killed Ijyb
  2481 | D:1      | Reached skill level 1 in Fighting
  2481 | D:1      | Reached XP level 5. HP: 28/29 MP: 2/10
  3547 | D:3      | Reached skill level 6 in Conjurations
  3583 | D:3      | Learned a level 3 spell: Dazzling Spray
  3609 | D:3      | Noticed appiemonkey's ghost (amateur GrFi)
  3727 | D:4      | Reached XP level 6. HP: 15/35 MP: 3/11
  4189 | D:4      | Reached skill level 1 in Armour
  4669 | D:4      | Found a burning altar of Makhleb.
  4669 | D:4      | Found a sparkling altar of Nemelex Xobeh.
  4727 | D:4      | Reached XP level 7. HP: 40/40 MP: 6/13
  5216 | D:4      | Noticed Edmund
  5257 | D:4      | Killed Edmund
  5257 | D:4      | Reached skill level 7 in Conjurations
  5522 | D:3      | Killed appiemonkey's ghost
  5522 | D:3      | Reached skill level 8 in Conjurations
  5827 | D:4      | Reached XP level 8. HP: 40/44 MP: 7/14
  6361 | D:5      | Entered Level 5 of the Dungeon
  6384 | D:5      | Found Tupumool's General Store.
  6387 | D:5      | Bought a scroll of identify for 28 gold pieces
  6414 | D:5      | Reached skill level 1 in Hexes
  6613 | D:5      | Found a staircase to the Ecumenical Temple.
  6680 | Temple   | Entered the Ecumenical Temple
  6778 | Temple   | Became a worshipper of Vehumet
  6880 | D:5      | Reached skill level 9 in Conjurations
  6893 | D:5      | Learned a level 4 spell: Iskenderun's Mystic Blast
  7107 | D:5      | Identified the Disquisition on Unstable Flight
  7603 | D:6      | Reached skill level 5 in Spellcasting
  8042 | D:6      | Reached XP level 9. HP: 49/49 MP: 7/17
  8436 | D:6      | Reached * piety under Vehumet
  8436 | D:6      | Offered knowledge of Sting by Vehumet.
  8439 | D:6      | Learned a level 1 spell: Sting
  8696 | D:7      | Reached skill level 10 in Conjurations
  8705 | D:7      | Learned a level 5 spell: Iskenderun's Battlesphere
  9003 | D:7      | Reached skill level 1 in Charms
 10018 | D:8      | Reached skill level 5 in Fighting
 10108 | D:8      | Found a glowing golden altar of the Shining One.
 10435 | D:8      | Found a staircase to the Lair.
 10473 | D:8      | Noticed a komodo dragon
 10563 | D:8      | Killed a komodo dragon
 10563 | D:8      | Reached XP level 10. HP: 41/60 MP: 5/20
 10728 | D:8      | Noticed a spiny frog
 10742 | D:8      | Killed a spiny frog
 11130 | D:9      | Reached skill level 12 in Conjurations
 11130 | D:9      | Reached XP level 11. HP: 64/64 MP: 16/21
 11264 | D:9      | Reached ** piety under Vehumet
 11264 | D:9      | Offered knowledge of Throw Frost by Vehumet.
 11978 | D:9      | Noticed a centaur warrior
 11999 | D:9      | Shot with an arrow by a centaur warrior

Skill      XL: |  1  2  3  4  5  6  7  8  9 10 |
---------------+-------------------------------+-----
Conjurations   | 5 6 8 9 10 12 | 12.7
Spellcasting   | 3 4 5 6 7 |  7.2
Fighting       | 1 2 5 6 |  6.3
Armour         | 2 3 |  3.1
Hexes          | 3 |  3.0
Charms         | 3 7 |  7.9
Dodging        | |  1.5
Stealth        | |  2.1

Action                   |  1- 3 |  4- 6 |  7- 9 | 10-12 || total
-------------------------+-------+-------+-------+-------++-------
Melee: Short sword       |    96 |    58 |       |       ||   154
       Unarmed           |     4 |       |       |       ||     4
       Mace              |       |    21 |       |       ||    21
       Falchion          |       |    31 |   275 |       ||   306
       Long sword        |       |       |    26 |    24 ||    50
Throw: Throwing net      |       |     2 |     1 |       ||     3
 Cast: Magic Dart        |    47 |    46 |    83 |    14 ||   190
       Searing Ray       |     2 |    27 |    49 |    10 ||    88
       Dazzling Spray    |       |       |     6 |     4 ||    10
       Iskenderun's Myst |       |       |     8 |     1 ||     9
       Iskenderun's Batt |       |       |       |     9 ||     9
  Use: Scroll            |     3 |     4 |     6 |     6 ||    19
       Potion            |       |     5 |       |     3 ||     8
 Stab: Sleeping          |     3 |       |     1 |       ||     4
       Invisible         |       |     2 |     3 |     1 ||     6
  Eat: Chunk             |     2 |    12 |    21 |     7 ||    42
Armor: Robe              |    47 |    51 |   205 |    31 ||   334
Dodge: Dodged            |    84 |   109 |   295 |    27 ||   515
Block: Other             |    12 |    12 |    67 |     7 ||    98
       Reflection        |       |       |     1 |       ||     1
